 Dungeon Crawl Stone Soup version 0.31.0-32-g396128a36d (webtiles) character file.

Game seed: 4918320661692643249

295 firemarshallily the Trooper (level 6, -1/51 HPs)
             Began as a Formicid Fighter on Apr 24, 2024.
             Was a Believer of Dithmenos.
             Slain by an ogre
             ... wielding a +0 giant spiked club
              (24 damage)
             ... on level 4 of the Dungeon.
             The game lasted 00:04:37 (2413 turns).

firemarshallily the Trooper (Formicid Fighter)      Turns: 2413, Time: 00:04:38

Health: -1/51      AC:  8    Str: 22    XL:     6   Next: 61%
Magic:  6/6        EV:  9    Int:  8    God:    Dithmenos [**....]
Gold:   76         SH:  5    Dex: 13    Spells: 5/5 levels left

rFire   . . .        a - +0 war axe
rCold   + . .        c - +0 buckler
rNeg    . . .        b - +0 scale mail
rPois   .            (helmet unavailable)
rElec   .            (no cloak)
rCorr   .            j - +0 pair of gloves
SInv    +            (no boots)
Will    .....        (no amulet) Stlth
                     o - ring of protection from cold
HPRegen 0.28/turn    (no ring)
MPRegen 0.10/turn

%: no passive effects
@: wreathed by umbra
A: permanent stasis, dig shafts and tunnels, antennae 3, four strong arms
a: Dig, Shaft Self, Renounce Religion, Shadow Step


You were on level 4 of the Dungeon.
You worshipped Dithmenos.
Dithmenos was pleased with you.
You visited 1 branch of the dungeon, and saw 4 of its levels.

You collected 76 gold pieces.

Inventory:

Hand Weapons
 a - a +0 war axe (weapon)
Armour
 b - a +0 scale mail (worn)
 c - a +0 buckler (worn)
 j - a +0 pair of gloves (worn)
 p - a +0 kite shield
Jewellery
 o - a ring of protection from cold (left hand)
Scrolls
 f - 3 scrolls of identify {unknown}
 g - a scroll of immolation
 i - a scroll of torment {unknown}
 n - a scroll of vulnerability {unknown}
 s - a scroll of fog {unknown}
Potions
 d - a potion of might
 e - a potion of degeneration {unknown}
 h - a potion of curing {unknown}
 k - a potion of magic {unknown}
 l - a potion of heal wounds
 m - a potion of mutation {unknown}
 q - a potion of lignification {unknown}
 r - a potion of enlightenment {unknown}


   Skills:
 * Level 5.2 Fighting
 * Level 4.0 Axes
 + Level 4.1 Armour
 + Level 5.1 Shields


You had 5 spell levels left.
You didn't know any spells.
Your spell library was empty.

Dungeon Overview and Level Annotations

Branches:
Dungeon (4/15)
 Temple: D:4-7

Altars:
Cheibriados
Dithmenos


Innate Abilities, Weirdness & Mutations

You cannot be hasted, slowed, berserked, paralysed or teleported.
You can dig through walls and to a lower floor.
You have a pair of large antennae on your head. (SInv)
Your four strong arms can wield two-handed weapons with a shield.


Message History

You are frozen.
You resist.
You barely miss the endoplasm.
The endoplasm is lightly wounded.
The endoplasm freezes you.
You are frozen.
You resist.
You slash the endoplasm!
You kill the endoplasm!
Dithmenos accepts your kill.
You slash the bombardier beetle!
The bombardier beetle is heavily wounded.
The bombardier beetle bites you.
You hit the bombardier beetle.
The bombardier beetle is severely wounded.
The bombardier beetle closely misses you.
You slash the bombardier beetle!
You kill the bombardier beetle!
Dithmenos accepts your kill.
Your Axes skill increases to level 4!
You see here a bombardier beetle corpse.
An ogre comes into view. It is wielding a +0 giant spiked club.
The ogre shouts!
An endoplasm comes into view.
The ogre moves out of view.
An endoplasm is nearby!
Found a scroll labelled FEVVIM VUELL.
The endoplasm barely misses you. You block the ogre's attack.
You slash the endoplasm!
You kill the endoplasm!
Dithmenos accepts your kill.
You barely miss the ogre.
The ogre hits you with a +0 giant spiked club!
You slash the ogre!
The ogre is heavily wounded.
The ogre hits you with a +0 giant spiked club!
You hit the ogre.
The ogre is severely wounded.
You barely miss the ogre.
The ogre is severely wounded.
The ogre hits you with a +0 giant spiked club!!
You die...

#### ##..##
##....#########
###..##..#.?O...##
#.#..###...@.....#
##...##
#..........#
#...##
#...#####..##
##...# #...# ##
##...###..##
#....#....#
##.....##..
#....#### ##....##


You could see an ogre.

Vanquished Creatures
  2 bombardier beetles
  A hound (D:4)
  2 orc priests (D:4)
  An orc wizard (D:4)
  A gnoll (D:1)
  5 adders
  2 ribbon worms (D:3)
  A dart slug (D:2)
  2 orcs (D:4)
  7 ball pythons
  13 endoplasms
  3 goblins
  4 hobgoblins
  3 jackals (D:3)
  2 quokkas (D:1)
  2 bats
  2 frilled lizards
  6 kobolds
  2 rats
61 creatures vanquished.

Notes
Turn   | Place    | Note
-------+----------+-------------------------------------------
     0 | D:1      | firemarshallily the Formicid Fighter began the quest for
                  | the Orb.
     0 | D:1      | Reached XP level 1. HP: 18/18 MP: 1/1
   143 | D:1      | Reached XP level 2. HP: 23/24 MP: 2/2
   212 | D:1      | Reached XP level 3. HP: 24/30 MP: 3/3
   393 | D:1      | Found a faded altar of an unknown god.
   417 | D:1      | Prayed at the altar of an unknown god.
   417 | D:1      | Became a worshipper of Dithmenos the Shadowed
   417 | D:1      | Reached * piety under Dithmenos
   651 | D:2      | Identified the +0 leather armour of the Spheres {rPois
                  | Regen+ Str+2 Dex-3}
  1053 | D:2      | Reached XP level 4. HP: 27/37 MP: 4/4
  1426 | D:2      | Reached ** piety under Dithmenos
  1543 | D:3      | Reached XP level 5. HP: 42/42 MP: 5/5
  1868 | D:3      | Identified the +4 dagger of Truth {flame, rF- rC+ rN++
                  | Int+2}
  1885 | D:3      | Found a snail-covered altar of Cheibriados.
  2187 | D:4      | Reached XP level 6. HP: 27/50 MP: 6/6
  2189 | D:4      | Reached skill level 5 in Shields
  2297 | D:4      | Reached skill level 5 in Fighting
  2406 | D:4      | Noticed an ogre
  2413 | D:4      | Slain by an ogre

Illustrated notes

Levels and vault maps discovered:
D:1:      tarquinn_simple_flora_water_b, layout_rooms,
          hellmonk_ecumenical_altar_blasted, roderic_lattice_a
D:2:      mumra_celtic_spiral_tile, layout_rooms
D:3:      layout_rooms, slow_altar_2, chequers_big_river
D:4:      layout_cave_pools, temple_pool_b

Skill      XL: |  1  2  3  4  5  6 |
---------------+-------------------+-----
Fighting       | 4 5 |  5.2
Axes           | 3 4 |  4.0
Armour         | 4 |  4.1
Shields        | 5 |  5.1

Action                     |  1- 3 |  4- 6 || total
---------------------------+-------+-------++-------
  Melee: War axe           |    55 |   107 ||   162
    Use: Potion            |       |     1 ||     1
 Armour: Scale mail        |    24 |    75 ||    99
  Dodge: Dodged            |    25 |    59 ||    84
  Block: Buckler           |    14 |    26 ||    40
